[Event "Titled Tuesday Blitz February 22 Early 2022"]
[White "Moskvin, Anatoly"]
[Black "Budrewicz, Krzysztof"]
[WhiteFideId "24199990"]
[BlackFideId "1127950"]
[WhiteElo "2079"]
[BlackElo "2248"]
[Result "0-1"]
[Round "10"]
[TimeControl "180+1"]
[Date "2022.02.22"]
[WhiteClock "0:00:03"]
[BlackClock "0:01:39"]

1. e4 g6 2. d4 Bg7 3. Nc3 c5 4. Nge2 Nc6 5. Be3 Qa5 6. dxc5 Nf6 7. f3 O-O 8. a3 d5 9. exd5 Ne5 10. b4 Qd8 11. Ng3 h5 12. f4 Neg4 13. Bd4 h4 14. h3 Nh6 15. Nge4 Nf5 16. Bxf6 exf6 17. Qd2 Re8 18. Be2 a5 19. O-O Bd7 20. b5 Rc8 21. c6 bxc6 22. bxc6 Bxc6 23. dxc6 Qxd2 24. Nxd2 Rxc6 25. Nde4 Nd4 26. Bd3 f5 27. Rab1 fxe4 28. Nxe4 Rd8 29. Rb7 Nxc2 30. Bb5 Rb6 31. Rxb6 Bd4+ 32. Kh1 Bxb6 33. Ng5 Ne3 34. Be2 Nxf1 35. Bxf1 Rd1 0-1


[Site "https://www.chess.com"]

[Event "Titled Tuesday Blitz February 22 Early 2022"]
[White "Murthy, Pappu"]
[Black "Vine, Elzbieta"]
[WhiteFideId "2013401"]
[BlackFideId "1119320"]
[WhiteElo "1922"]
[BlackElo "1898"]
[Result "1-0"]
[Round "10"]
[TimeControl "180+1"]
[Date "2022.02.22"]
[WhiteClock "0:00:13"]
[BlackClock "0:00:25"]

1. c4 e5 2. Nc3 d6 3. g3 Nc6 4. Bg2 Nf6 5. e4 h5 6. h3 h4 7. g4 Nd4 8. d3 Be6 9. Nge2 Nxg4 10. hxg4 Bxg4 11. Qa4+ b5 12. Nxb5 Nxe2 13. Nxc7+ Ke7 14. Nxa8 h3 15. Qxa7+ Kf6 16. Bxh3 Bxh3 17. Nc7 Nf4 18. Bxf4 exf4 19. Nd5+ Kg6 20. Nxf4+ Kf6 21. Qd4+ Ke7 22. Rxh3 Rxh3 23. Nxh3 Qa5+ 24. Qc3 Qh5 25. Ng1 Qh1 26. O-O-O g6 27. Ne2 Qf3 28. Nd4 Qxf2 29. Nc6+ Kd7 30. Nb8+ Kc8 31. Qh8 1-0


[Site "https://www.chess.com"]

[Event "Titled Tuesday Blitz February 22 Early 2022"]
[White "Necula, Iulian"]
[Black "Dahanayake, Isara Banidu"]
[WhiteFideId "1232380"]
[BlackFideId "9932631"]
[WhiteElo "1776"]
[BlackElo "1394"]
[Result "0-1"]
[Round "10"]
[TimeControl "180+1"]
[Date "2022.02.22"]
[WhiteClock "0:00:01"]
[BlackClock "0:01:33"]

1. b4 Nf6 2. Bb2 e6 3. b5 d5 4. Nf3 Nbd7 5. e3 Bd6 6. d4 O-O 7. c4 c5 8. bxc6 bxc6 9. c5 Bc7 10. Nc3 Re8 11. Be2 e5 12. dxe5 Nxe5 13. Nxe5 Bxe5 14. O-O Ne4 15. Nxe4 Bxb2 16. Nd6 Bxa1 17. Qxa1 Rf8 18. f4 Qe7 19. Qc3 Rb8 20. g4 Qh4 21. f5 h5 22. f6 Bxg4 23. fxg7 Rfd8 24. Nxf7 Bxe2 25. Nh6+ Kh7 26. Qc2+ Kxh6 27. Qxe2 Qg5+ 28. Kh1 Qxg7 29. h4 Qe5 30. Rg1 Qe4+ 31. Kh2 Rg8 32. Rg5 Rxg5 33. hxg5+ Kxg5 34. Kg3 h4+ 35. Kf2 Rf8+ 36. Ke1 Qh1+ 37. Kd2 h3 38. Qd3 Rf2+ 39. Kc3 Qc1+ 40. Kb3 Rb2+ 41. Ka3 Rb5+ 42. Ka4 Qc4+ 43. Qxc4 dxc4 44. e4 h2 0-1


[Site "https://www.chess.com"]

[Event "Titled Tuesday Blitz February 22 Early 2022"]
[White "Nithyalakshmi, Sivanesan"]
[Black "Redzisz, Michal"]
[WhiteFideId "5706955"]
[BlackFideId "21816107"]
[WhiteElo "1815"]
[BlackElo "1961"]
[Result "1-0"]
[Round "10"]
[TimeControl "180+1"]
[Date "2022.02.22"]
[WhiteClock "0:00:08"]
[BlackClock "0:00:31"]

1. e4 c5 2. Nf3 e6 3. d3 Nc6 4. Nbd2 Nge7 5. g3 g6 6. Bg2 Bg7 7. O-O O-O 8. Re1 d6 9. Nf1 b6 10. h4 h5 11. Rb1 b5 12. Bg5 Qd7 13. Qd2 e5 14. N1h2 f5 15. Bh6 f4 16. Bxg7 Kxg7 17. Ng5 Nd4 18. c3 Ndc6 19. Nhf3 Qg4 20. Bh3 fxg3 21. Bxg4 hxg4 22. fxg3 gxf3 23. Kf2 Bg4 24. Qc2 Ng8 25. Qb3 Nf6 26. Qxb5 Bd7 27. Ne6+ Bxe6 28. Qxc6 Bh3 29. Rh1 Ng4+ 30. Ke1 Bg2 31. Qd7+ Rf7 32. Qxg4 f2+ 33. Ke2 Bxh1 34. Rxh1 Raf8 35. Rf1 a5 36. h5 Rf6 37. hxg6 Rxg6 38. Qd7+ Rf7 39. Qh3 Rgf6 40. g4 Rf4 41. g5 Kg8 42. Qh6 Rg7 43. Rxf2 Rxf2+ 44. Kxf2 Rf7+ 45. Ke3 Rg7 46. g6 Kf8 47. Qh5 Kg8 48. Qf5 Re7 49. Qf6 Rg7 50. Qxd6 Kh8 51. Qxe5 Kg8 52. Qxg7+ Kxg7 53. d4 Kxg6 54. dxc5 Kf6 55. Kd4 Ke6 56. Kc4 Kd7 57. Kb5 Kc7 58. Kxa5 Kc6 59. b4 Kb7 60. e5 Ka8 1-0


[Site "https://www.chess.com"]

[Event "Titled Tuesday Blitz February 22 Early 2022"]
[White "Nosacheva, Mariya"]
[Black "Medeiros Jr, Francisco De Assis"]
[WhiteFideId "34111422"]
[BlackFideId "2114267"]
[WhiteElo "2055"]
[BlackElo "1998"]
[Result "0-1"]
[Round "10"]
[TimeControl "180+1"]
[Date "2022.02.22"]
[WhiteClock "0:01:54"]
[BlackClock "0:01:08"]

1. e4 c6 2. d4 d5 3. Nc3 dxe4 4. Nxe4 Nf6 5. Nxf6+ exf6 6. c3 Bd6 7. Bd3 O-O 8. Ne2 Re8 9. Be3 Be6 10. Qd2 Nd7 11. c4 b5 12. cxb5 cxb5 13. d5 Bxd5 14. Bxh7+ Kxh7 15. Qxd5 Bb4+ 16. Kf1 Ne5 17. Qe4+ Kg8 18. Qxb4 Nc4 19. Qxc4 bxc4 0-1


[Site "https://www.chess.com"]

[Event "Titled Tuesday Blitz February 22 Early 2022"]
[White "Novikov, Evgenij"]
[Black "Atakhan, Abtin"]
[WhiteFideId "4125380"]
[BlackFideId "22502203"]
[WhiteElo "2242"]
[BlackElo "2119"]
[Result "0-1"]
[Round "10"]
[TimeControl "180+1"]
[Date "2022.02.22"]
[WhiteClock "0:00:07"]
[BlackClock "0:00:12"]

1. d4 d5 2. c4 c6 3. Nf3 Nf6 4. Nc3 a6 5. e3 Bf5 6. Bd3 Bg6 7. Ne5 Bxd3 8. Qxd3 e6 9. O-O Bb4 10. a3 Ba5 11. f4 Bxc3 12. bxc3 O-O 13. a4 Nbd7 14. Ba3 Re8 15. Rab1 Qc7 16. g4 b5 17. g5 bxc4 18. Qc2 Ne4 19. Nxc4 c5 20. dxc5 Ndxc5 21. Ne5 Rab8 22. c4 Nd7 23. Nxd7 Qxd7 24. cxd5 exd5 25. Rxb8 Rxb8 26. Qg2 Qxa4 27. Bc1 Qc4 28. f5 Rb1 29. Ba3 Rxf1+ 30. Qxf1 Qxf1+ 31. Kxf1 f6 32. gxf6 gxf6 33. Ke2 Kf7 34. Kd3 Ng5 35. Bc5 Nf3 36. h3 Nh4 37. Kd4 Nxf5+ 38. Kxd5 Ne7+ 39. Kd6 Ng6 40. e4 Nf4 41. h4 h5 42. e5 fxe5 43. Kxe5 Nd3+ 44. Kd4 Nxc5 45. Kxc5 Kf6 46. Kb6 Kf5 47. Kxa6 Kg4 48. Kb5 Kxh4 49. Kc4 Kg3 50. Kd3 h4 51. Ke2 Kg2 52. Ke3 h3 0-1


[Site "https://www.chess.com"]

[Event "Titled Tuesday Blitz February 22 Early 2022"]
[White "Osiecki, Stanislaw"]
[Black "Dwilewicz, Katarzyna"]
[WhiteFideId "1102990"]
[BlackFideId "1148486"]
[WhiteElo "2127"]
[BlackElo "1907"]
[Result "1-0"]
[Round "10"]
[TimeControl "180+1"]
[Date "2022.02.22"]
[WhiteClock "0:00:26"]
[BlackClock "0:00:07"]

1. e4 e5 2. Nf3 Nc6 3. Bb5 a6 4. Bxc6 dxc6 5. O-O f6 6. d4 exd4 7. Nxd4 c5 8. Nb3 Qxd1 9. Rxd1 b6 10. Bf4 Ra7 11. Nc3 Be6 12. Nd5 Bxd5 13. exd5 Kd7 14. c4 Bd6 15. Bxd6 cxd6 16. Re1 Nh6 17. h3 Raa8 18. Re2 Rhe8 19. Rae1 Nf7 20. f4 b5 21. Nd2 Rab8 22. b3 h5 23. Kf2 bxc4 24. Nxc4 Nh6 25. Na5 Nf5 26. Nc6 Rxe2+ 27. Rxe2 Re8 28. Rxe8 Kxe8 29. Nb8 Ne7 30. Nxa6 Nxd5 31. Kf3 Kd7 32. Ke4 Nc3+ 33. Kf5 Kc6 34. b4 Kb7 35. bxc5 Kxa6 36. cxd6 Kb6 37. Ke6 Kc6 38. d7 Kc7 39. Ke7 Nd5+ 40. Ke8 1-0


[Site "https://www.chess.com"]

[Event "Titled Tuesday Blitz February 22 Early 2022"]
[White "Osmonbekov, Talaibek"]
[Black "Guseva, Marina"]
[WhiteFideId "2017253"]
[BlackFideId "4149351"]
[WhiteElo "2135"]
[BlackElo "2232"]
[Result "1-0"]
[Round "10"]
[TimeControl "180+1"]
[Date "2022.02.22"]
[WhiteClock "0:00:06"]
[BlackClock "0:00:38"]

1. d4 d5 2. Nc3 Nf6 3. Bf4 c5 4. e3 a6 5. Nf3 cxd4 6. exd4 Nc6 7. Ne5 h6 8. Be2 Bf5 9. O-O e6 10. Re1 Bb4 11. a3 Ba5 12. b4 Bc7 13. Nxc6 bxc6 14. Bxc7 Qxc7 15. Bd3 Bxd3 16. Qxd3 O-O 17. Na4 a5 18. Nc5 Nd7 19. c4 Nb6 20. cxd5 cxd5 21. g3 axb4 22. axb4 Nc4 23. b5 Ra5 24. Rxa5 Qxa5 25. Rb1 Rb8 26. Qb3 Nd2 27. Qb4 Qa2 28. Rd1 Nc4 29. Nd7 Rd8 30. Nc5 Qe2 31. Re1 Qg4 32. b6 Qxd4 33. b7 Rb8 34. Na6 Rxb7 35. Qxb7 Qd2 36. Qb8+ Kh7 37. Qb1+ g6 38. Nc5 Ne5 39. Rxe5 1-0


[Site "https://www.chess.com"]

[Event "Titled Tuesday Blitz February 22 Early 2022"]
[White "Pajeken, Jakob Leon"]
[Black "Sarana, Alexey"]
[WhiteFideId "12942839"]
[BlackFideId "24133795"]
[WhiteElo "2351"]
[BlackElo "2665"]
[Result "0-1"]
[Round "10"]
[TimeControl "180+1"]
[Date "2022.02.22"]
[WhiteClock "0:00:06"]
[BlackClock "0:00:09"]

1. d4 Nf6 2. Nf3 e6 3. e3 d5 4. c4 Be7 5. Nbd2 O-O 6. Bd3 c5 7. cxd5 Nxd5 8. Qe2 Nc6 9. Nb3 cxd4 10. Nbxd4 Nxd4 11. Nxd4 Bd7 12. O-O Qb6 13. Nb3 Rfd8 14. e4 Nb4 15. Be3 Qc7 16. Rac1 Qb8 17. Bb1 a6 18. Rfd1 Bb5 19. Qh5 g6 20. Qh6 Bf6 21. Bd4 Bxd4 22. Nxd4 Qe5 23. f4 Qg7 24. Qxg7+ Kxg7 25. Nxb5 axb5 26. a3 Nc6 27. Kf2 Kf8 28. Ke3 Ke7 29. Rd3 Rac8 30. Rdc3 Ra8 31. Rc5 b4 32. axb4 Ra4 33. Rb5 Rd7 34. e5 Ra1 35. Rbc5 Nxb4 36. Be4 Ra2 37. Rb1 f5 38. exf6+ Kxf6 39. Rb5 Nd5+ 40. Bxd5 exd5 41. Rd1 Ke6 42. Rd2 Ra4 43. g4 Rc4 44. Rb6+ Rc6 45. Rxc6+ bxc6 46. Kd4 Kd6 47. b4 Re7 48. Rf2 Re4+ 49. Kc3 Ke6 50. f5+ gxf5 51. gxf5+ Kf6 52. Kb3 Rc4 53. Ka3 h5 54. Kb3 h4 55. Ka3 h3 56. Rf3 Rh4 57. Rc3 Rc4 58. Rxh3 Kxf5 59. Rh5+ Ke6 60. Rh7 d4 61. Kb3 Rc3+ 62. Kb2 Kd5 63. Rh6 Rf3 64. Rh8 Kc4 65. Rc8 Rf6 66. h4 Kxb4 67. h5 c5 68. Kc2 Kc4 69. Ra8 Rf2+ 70. Kd1 Rh2 71. Rh8 Kd3 72. Ke1 c4 73. h6 c3 74. h7 c2 0-1


[Site "https://www.chess.com"]

[Event "Titled Tuesday Blitz February 22 Early 2022"]
[White "Pasti, Aron"]
[Black "Rudykh, Stepan"]
[WhiteFideId "785857"]
[BlackFideId "4180321"]
[WhiteElo "2080"]
[BlackElo "2112"]
[Result "1-0"]
[Round "10"]
[TimeControl "180+1"]
[Date "2022.02.22"]
[WhiteClock "0:00:12"]
[BlackClock "0:00:02"]

1. e4 e6 2. d4 d5 3. exd5 exd5 4. c4 Nf6 5. Nc3 Nc6 6. Bg5 Bb4 7. Nf3 O-O 8. Be2 dxc4 9. Bxc4 Re8+ 10. Be2 h6 11. Bh4 g5 12. Bg3 Ne4 13. Rc1 Qe7 14. Be5 f6 15. Bg3 Bg4 16. Rc2 Bxf3 17. gxf3 Nd6 18. O-O Bxc3 19. bxc3 f5 20. Re1 Kg7 21. Bxd6 cxd6 22. Rc1 d5 23. Bd3 Qf7 24. Qc2 f4 25. Bf5 a6 26. Bd3 b5 27. a4 Rac8 28. Qb2 b4 29. c4 Qh5 30. cxd5 Rxe1+ 31. Rxe1 Qxf3 32. dxc6 Qg4+ 33. Kf1 Qh3+ 34. Ke2 Re8+ 35. Kd2 Rxe1 36. d5+ Kf7 37. Kxe1 Qxd3 38. Qd2 Qe4+ 39. Kd1 b3 40. c7 b2 41. Qxb2 Qxd5+ 42. Kc1 1-0


[Site "https://www.chess.com"]

[Event "Titled Tuesday Blitz February 22 Early 2022"]
[White "Petrova, Irina"]
[Black "Devaev, Alexander"]
[WhiteFideId "14124122"]
[BlackFideId "4169395"]
[WhiteElo "1988"]
[BlackElo "2185"]
[Result "0-1"]
[Round "10"]
[TimeControl "180+1"]
[Date "2022.02.22"]
[WhiteClock "0:00:09"]
[BlackClock "0:00:16"]

1. e4 c6 2. d4 d5 3. e5 Bf5 4. h4 Qb6 5. Nc3 a6 6. a4 a5 7. g4 Bd7 8. f4 e6 9. Nf3 c5 10. Bb5 Nc6 11. Be3 cxd4 12. Nxd4 Bc5 13. Nce2 h5 14. g5 Nge7 15. c3 g6 16. Qd2 O-O 17. Bxc6 bxc6 18. Kf2 Rfb8 19. Rhb1 Qa7 20. b4 Bb6 21. Nc2 Nf5 22. Bxb6 Qxb6+ 23. Ncd4 Nxh4 24. Kg3 Nf5+ 25. Nxf5 exf5 26. Qd4 Qa6 27. Qe3 Qc4 28. Qd4 Qxe2 29. bxa5 Qa6 30. Rb6 Qxa5 31. Rab1 Rxb6 32. Rxb6 Qxa4 33. Rb4 Qa1 34. e6 Bxe6 35. Rb7 Qe1+ 36. Kf3 Qe4+ 37. Qxe4 dxe4+ 0-1


[Site "https://www.chess.com"]

[Event "Titled Tuesday Blitz February 22 Early 2022"]
[White "Petrovic, Aleksa"]
[Black "Zheenbekov, Nurgazy"]
[WhiteFideId "967629"]
[BlackFideId "13800485"]
[WhiteElo "2139"]
[BlackElo "1959"]
[Result "1-0"]
[Round "10"]
[TimeControl "180+1"]
[Date "2022.02.22"]
[WhiteClock "0:00:19"]
[BlackClock "0:00:08"]

1. d4 Nf6 2. c4 e6 3. Nf3 b6 4. g3 Ba6 5. Qc2 b5 6. cxb5 Bxb5 7. Nc3 Bb4 8. Bg2 O-O 9. O-O Bxc3 10. bxc3 d5 11. a4 Ba6 12. Ba3 Re8 13. Ne5 Nfd7 14. e4 Nxe5 15. dxe5 Bxf1 16. Rxf1 c6 17. Bd6 Nd7 18. Rb1 Nb6 19. Bf1 f6 20. exd5 exd5 21. Bd3 fxe5 22. Bxh7+ Kh8 23. Bg6 Qxd6 24. Qf5 Kg8 25. Bh7+ Kh8 26. Bg6 Qe6 27. Qh5+ Kg8 28. Qh7+ Kf8 29. Qh8+ Ke7 30. Qxg7+ Kd6 31. Bxe8 Rxe8 32. Qxa7 Nc4 33. a5 e4 34. a6 Nd2 35. Rb8 Nf3+ 36. Kg2 1-0


[Site "https://www.chess.com"]

[Event "Titled Tuesday Blitz February 22 Early 2022"]
[White "Piesik, Piotr"]
[Black "Tregubov, Pavel V."]
[WhiteFideId "1136194"]
[BlackFideId "4115341"]
[WhiteElo "2232"]
[BlackElo "2341"]
[Result "0-1"]
[Round "10"]
[TimeControl "180+1"]
[Date "2022.02.22"]
[WhiteClock "0:00:13"]
[BlackClock "0:00:15"]

1. Nf3 c5 2. g3 Nc6 3. Bg2 e5 4. O-O d5 5. d3 Nf6 6. Nbd2 Be7 7. e4 O-O 8. c3 d4 9. Nc4 Qc7 10. cxd4 cxd4 11. Bg5 b5 12. Ncd2 Be6 13. Nb3 Nd7 14. Rc1 f6 15. Bd2 Qb6 16. Nh4 Rfc8 17. Nf5 Bf8 18. f4 g6 19. Nh4 a5 20. f5 Bf7 21. fxg6 hxg6 22. Bh3 Rc7 23. Bxd7 Rxd7 24. Qg4 Rd6 25. Nxg6 Be6 26. Qh5 Bg7 27. Rxc6 Rxc6 28. Ne7+ Kf8 29. Nxc6 Qxc6 30. Bxa5 Bxb3 31. Bb4+ Kg8 32. axb3 Qc2 33. Qf3 Qxb2 34. Rf2 Qxb3 35. Be7 Qe6 36. Bc5 Rc8 37. Bb4 Qb3 38. Be7 Qe6 39. Bb4 Qb3 40. Be7 Rc1+ 41. Kg2 Qd1 42. Qf5 Rc2 43. Bxf6 Rxf2+ 44. Qxf2 Qxd3 45. Qf5 Bxf6 46. Qxf6 Qxe4+ 47. Kg1 Qd5 48. Qg6+ Kf8 49. Qf6+ Ke8 50. Qh8+ Kd7 51. Qg7+ Kc6 52. Qg6+ Kc5 53. Qc2+ Kb4 54. Qd2+ Kb3 55. Qd3+ Ka4 56. Qc2+ Qb3 57. Qc5 d3 58. Qxe5 Qd1+ 59. Kf2 Qe2+ 60. Qxe2 dxe2 61. Kxe2 b4 62. Kd2 Ka3 63. g4 b3 64. g5 b2 65. g6 b1=Q 0-1


[Site "https://www.chess.com"]

[Event "Titled Tuesday Blitz February 22 Early 2022"]
[White "Piliczewski, Bogusz"]
[Black "Winkels, Marcel"]
[WhiteFideId "1104144"]
[BlackFideId "1003887"]
[WhiteElo "1896"]
[BlackElo "1900"]
[Result "0-1"]
[Round "10"]
[TimeControl "180+1"]
[Date "2022.02.22"]
[WhiteClock "0:00:05"]
[BlackClock "0:00:23"]

1. d4 Nf6 2. Nf3 c5 3. c3 g6 4. Bf4 cxd4 5. cxd4 Bg7 6. h3 O-O 7. e3 Qb6 8. Qb3 Qxb3 9. axb3 d6 10. Nc3 Be6 11. Bc4 Bd7 12. O-O Nc6 13. Nb5 a6 14. Nc7 Rac8 15. Nd5 Nxd5 16. Bxd5 e5 17. dxe5 dxe5 18. Bxc6 Bxc6 19. Nxe5 Bd5 20. Nd7 Rfd8 21. Nb6 Rc6 22. Rad1 Rxb6 23. Bc7 Rbd6 24. Bxd8 Rxd8 25. e4 Bxb2 26. exd5 Be5 27. Rfe1 Bd6 28. Re4 Rc8 29. Rc4 Re8 30. Kf1 Kg7 31. Re1 Rd8 32. Rd1 Re8 33. Rc3 Kf6 34. Rf3+ Kg7 35. Re3 Rd8 36. g3 h5 37. h4 Rc8 38. f4 Kf6 39. Kf2 Kf5 40. Kf3 Rc2 41. Rde1 Bc5 42. Re5+ Kf6 43. R5e2 Rc3+ 44. Kg2 Rxb3 45. Rc2 Bd6 46. Rc8 a5 47. Rd8 Rb6 48. Ra1 Ra6 49. Rxa5 Rxa5 50. Rxd6+ Ke7 51. Rb6 Rxd5 52. Rxb7+ Ke6 53. Rb6+ Ke7 54. Rb7+ Ke6 55. Rb6+ Kf5 56. Kf2 Kg4 57. Rb3 Rd2+ 58. Ke3 Rg2 59. Ke4 Rxg3 60. Rb7 f5+ 61. Ke5 Kxh4 62. Rg7 Rg4 63. Kf6 Kg3 64. Ke5 h4 65. Ra7 h3 66. Ra3+ Kh4 67. Ra2 Rg2 68. Ra8 h2 69. Rh8+ Kg3 70. Kf6 Rg1 71. Rxh2 Kxh2 0-1


[Site "https://www.chess.com"]

[Event "Titled Tuesday Blitz February 22 Early 2022"]
[White "Pinheiro, Iung Alicio de O."]
[Black "Obolenskikh, Dmitry"]
[WhiteFideId "2104350"]
[BlackFideId "4156013"]
[WhiteElo "2602"]
[BlackElo "2512"]
[Result "1-0"]
[Round "10"]
[TimeControl "180+1"]
[Date "2022.02.22"]
[WhiteClock "0:00:06"]
[BlackClock "0:00:16"]

1. e4 e5 2. Bc4 Nc6 3. d3 Nf6 4. Nc3 Na5 5. Qf3 Nxc4 6. dxc4 d6 7. Nge2 Be7 8. Ng3 Bg4 9. Qd3 Nd7 10. Be3 O-O 11. Qd2 Be6 12. b3 a6 13. a4 c6 14. O-O Qc7 15. Rad1 Rad8 16. Nf5 Bxf5 17. exf5 Nf6 18. Bg5 Nh5 19. Be3 Rfe8 20. Qe2 Nf6 21. Bg5 Nd7 22. Be3 Nf6 23. g4 d5 24. g5 d4 25. gxf6 Bxf6 26. Ne4 dxe3 27. fxe3 Rxd1 28. Rxd1 Rd8 29. Rf1 Qe7 30. Kh1 Rd7 31. Rg1 Qd8 32. Qg4 Kf8 33. Qh5 h6 34. Qg4 a5 35. c5 Rd5 36. Qe2 Be7 37. Qg4 Bf6 38. Qg2 Rd1 39. Nd6 Rxg1+ 40. Kxg1 Bg5 41. Qe4 Qe7 42. Kg2 h5 43. Kf3 Kg8 44. Qc4 Bh6 45. e4 Kf8 46. h4 Kg8 47. c3 Qxh4 48. Qxf7+ Kh8 49. Qe8+ Kh7 50. Qg6+ Kh8 51. Nf7+ Kg8 52. Nxh6+ Kh8 53. Nf7+ Kg8 54. Nxe5 Qh1+ 55. Ke3 Qc1+ 56. Kd3 Qd1+ 57. Ke3 Qc1+ 58. Kf2 Qd2+ 59. Kg1 Qe3+ 60. Kg2 Qxe4+ 61. Nf3 Qe2+ 62. Kg3 Qe7 63. Qxh5 Qxc5 64. Qe8+ Kh7 65. Ng5+ Kh6 66. Qg6# 1-0


[Site "https://www.chess.com"]

[Event "Titled Tuesday Blitz February 22 Early 2022"]
[White "Pires, Marcos Vinicius Torsani"]
[Black "Korchmar, Vasiliy"]
[WhiteFideId "2118939"]
[BlackFideId "24131750"]
[WhiteElo "2273"]
[BlackElo "2370"]
[Result "0-1"]
[Round "10"]
[TimeControl "180+1"]
[Date "2022.02.22"]
[WhiteClock "0:00:02"]
[BlackClock "0:00:17"]

1. e4 c5 2. c3 Nf6 3. e5 Nd5 4. d4 cxd4 5. Nf3 e6 6. cxd4 d6 7. Bc4 Be7 8. O-O O-O 9. exd6 Bxd6 10. Nc3 Nxc3 11. bxc3 Qc7 12. Qe2 b6 13. Bd2 Bb7 14. Bd3 Nd7 15. h4 Rae8 16. Ng5 Nf6 17. Rfe1 e5 18. Bb5 Re7 19. Qd3 h6 20. dxe5 Bxe5 21. Nh3 Rd8 22. Qc2 Ng4 23. Rad1 Bh2+ 24. Kf1 Bg3 25. Rxe7 Qxe7 26. fxg3 Qc5 27. Be2 Nh2+ 28. Ke1 Re8 29. Bf4 Bxg2 30. Qd3 Bxh3 31. Kd2 Bf5 32. Qd4 Qa3 33. Rc1 Qxa2+ 34. Kd1 Qxe2# 0-1


[Site "https://www.chess.com"]

[Event "Titled Tuesday Blitz February 22 Early 2022"]
[White "Priasmoro, Novendra"]
[Black "Safarli, Eltaj"]
[WhiteFideId "7105029"]
[BlackFideId "13402129"]
[WhiteElo "2309"]
[BlackElo "2634"]
[Result "1-0"]
[Round "10"]
[TimeControl "180+1"]
[Date "2022.02.22"]
[WhiteClock "0:01:02"]
[BlackClock "0:00:15"]

1. e4 c5 2. Nf3 Nf6 3. e5 Nd5 4. c3 Nc6 5. d4 cxd4 6. cxd4 d6 7. exd6 Qxd6 8. Nc3 g6 9. Bc4 Nb6 10. Bb3 Bg7 11. Be3 O-O 12. h3 Na5 13. O-O Nxb3 14. axb3 Bf5 15. Re1 Nd5 16. Bg5 Rfe8 17. Ne5 h6 18. Bd2 Nb6 19. Nb5 Qd8 20. Qf3 Be6 21. Qxb7 Bd5 22. Qc7 Rc8 23. Qxd8 Rexd8 24. Bc3 Bxb3 25. Rxa7 Nd5 26. Ba5 Re8 27. Nc3 Ra8 28. Rxa8 Rxa8 29. Nxd5 Bxd5 30. Bb4 e6 31. Bc3 Bf8 32. Nd3 Rb8 33. Nf4 Bb3 34. Ra1 Bd6 35. Nd3 g5 36. Ra7 Bd5 37. Nc5 Kg7 38. Ra6 Be7 39. Ra7 Bd6 40. Nxe6+ Kf6 41. Nc5 Kf5 42. Rd7 Rb6 43. Ba5 Rc6 44. b4 Be6 45. Rd8 Be7 46. Re8 Bf6 47. g4+ Kf4 48. b5 Rd6 49. Bc7 1-0


[Site "https://www.chess.com"]

[Event "Titled Tuesday Blitz February 22 Early 2022"]
[White "Prohorov, Olexandr"]
[Black "Vifleemskaia, Svetlana"]
[WhiteFideId "14105578"]
[BlackFideId "4129490"]
[WhiteElo "1993"]
[BlackElo "1901"]
[Result "1/2-1/2"]
[Round "10"]
[TimeControl "180+1"]
[Date "2022.02.22"]
[WhiteClock "0:01:19"]
[BlackClock "0:01:45"]

1. e4 e5 2. Nf3 Nc6 3. Bb5 a6 4. Ba4 Nf6 5. d4 exd4 6. e5 Ne4 7. O-O Be7 8. Re1 Nc5 9. Bxc6 dxc6 10. Nxd4 O-O 11. Nc3 Ne6 12. Be3 Nxd4 13. Bxd4 c5 14. Be3 Qxd1 15. Raxd1 Bf5 16. Nd5 Bd8 17. c4 b6 18. h3 Be6 19. b3 h6 20. Nf4 Bc8 21. Rd2 Bg5 22. Nd5 Bd8 23. Nf4 Bg5 24. Nd5 Bd8 25. Nf4 1/2-1/2


[Site "https://www.chess.com"]

[Event "Titled Tuesday Blitz February 22 Early 2022"]
[White "Przybylski, Wojciech"]
[Black "Toncheva, Nadya"]
[WhiteFideId "1117599"]
[BlackFideId "2924056"]
[WhiteElo "2133"]
[BlackElo "1920"]
[Result "0-1"]
[Round "10"]
[TimeControl "180+1"]
[Date "2022.02.22"]
[WhiteClock "0:00:03"]
[BlackClock "0:00:09"]

1. e4 c5 2. Nf3 e6 3. d4 cxd4 4. Nxd4 Nc6 5. Nc3 Qc7 6. g4 a6 7. Be3 b5 8. Nxc6 Qxc6 9. Ne2 Qxe4 10. Rg1 Qc4 11. Nd4 Qc7 12. g5 Bb7 13. Qh5 Bb4+ 14. Kd1 Ne7 15. c3 Bd6 16. Bd3 g6 17. Qg4 Bxh2 18. Re1 Bd6 19. Rc1 Rc8 20. Kc2 Qa5 21. Kb1 Bd5 22. Nb3 Qa4 23. Qxa4 bxa4 24. Nd2 a5 25. Bb5 Bc6 26. Ba6 Ra8 27. Bd3 Kd8 28. Bd4 Re8 29. Nc4 Bf4 30. Rcd1 Bxg5 31. Bb6+ Kc8 32. Nd6+ Kb8 33. Nxe8 Kb7 34. Be3 Bxe3 35. Nd6+ Kc7 36. Rxe3 Kxd6 37. Bxg6+ Kc7 38. Bxh7 Nd5 39. Rg3 Rh8 40. Bd3 Rh2 41. f3 f5 42. f4 a3 43. Bc2 axb2 44. Kxb2 a4 45. a3 Kb6 46. Rc1 Kc5 47. Rd3 Nxf4 48. Rd4 Nd5 49. Kb1 Nxc3+ 50. Kb2 Kxd4 51. Re1 Be4 52. Ka1 Rxc2 53. Rd1+ Nxd1 54. Kb1 Rb2+ 55. Ka1 Rb3 56. Ka2 Nc3+ 57. Ka1 Rb1# 0-1


[Site "https://www.chess.com"]

[Event "Titled Tuesday Blitz February 22 Early 2022"]
[White "Putri, Regita Desyari"]
[Black "Ishbaev, Alibek"]
[WhiteFideId "7109083"]
[BlackFideId "14205017"]
[WhiteElo "1930"]
[BlackElo "2383"]
[Result "1-0"]
[Round "10"]
[TimeControl "180+1"]
[Date "2022.02.22"]
[WhiteClock "0:00:07"]
[BlackClock "0:00:12"]

1. d4 g6 2. c4 Bg7 3. Nf3 c5 4. Nc3 cxd4 5. Nxd4 Nc6 6. Nb3 Nf6 7. e4 O-O 8. Be2 d6 9. O-O Be6 10. f3 Rc8 11. Nd5 Ne5 12. Nd2 Bxd5 13. cxd5 Qb6+ 14. Kh1 h5 15. Qb3 Qxb3 16. Nxb3 Rc2 17. Bd1 Rc7 18. Be2 Rfc8 19. h3 Rc2 20. Nd4 R2c5 21. Be3 Nc4 22. Bg1 Nxb2 23. Rab1 Na4 24. Rxb7 R5c7 25. Rxc7 Rxc7 26. Nc6 Nc5 27. Rc1 Nfd7 28. Rb1 Bc3 29. Nxe7+ Kg7 30. Nc6 a5 31. Bb5 Rb7 32. Rb3 Be1 33. Rb1 Bc3 34. Bd3 Rxb1 35. Bxb1 Kf8 36. Bc2 h4 37. Bf2 g5 38. Kg1 f6 39. Kf1 Ne5 40. Nxe5 fxe5 41. Ke2 Bd4 42. Be1 a4 43. Bd2 a3 44. Bxg5 Na6 45. Bxh4 Nb4 46. Bb3 Bc5 47. Be1 Kg7 48. Bc3 Kg6 49. Bd2 Kh5 50. g3 Na6 51. Bc4 Nc7 52. Be3 Bb4 53. f4 exf4 54. Bxf4 Ne8 55. e5 dxe5 56. Bxe5 Nd6 57. Bxd6 Bxd6 58. Kf3 Kg5 59. Be2 Kf6 60. Bc4 Ke5 61. Kg4 Kd4 62. Bb3 Kc3 63. Kh4 Kd4 64. g4 Ke5 65. Kg5 Be7+ 66. Kg6 Kf4 67. Kf7 Bd8 68. Ke8 Bc7 69. Kd7 Be5 70. Ke6 Bb8 71. d6 Kg5 72. d7 Bc7 73. Ke7 Kh4 74. d8=Q Bxd8+ 75. Kxd8 Kxh3 76. g5 Kh4 77. g6 Kh5 78. g7 Kh6 79. g8=Q Kh5 80. Qg2 1-0


[Site "https://www.chess.com"]

[Event "Titled Tuesday Blitz February 22 Early 2022"]
[White "Reprintsev, Alexander"]
[Black "Berezin, Viktor"]
[WhiteFideId "14100541"]
[BlackFideId "14107872"]
[WhiteElo "2126"]
[BlackElo "2310"]
[Result "0-1"]
[Round "10"]
[TimeControl "180+1"]
[Date "2022.02.22"]
[WhiteClock "0:00:05"]
[BlackClock "0:00:06"]

1. e4 d5 2. exd5 Nf6 3. d4 Bg4 4. Bb5+ Nbd7 5. Be2 Bxe2 6. Qxe2 Nxd5 7. c4 N5f6 8. Nc3 e6 9. Nf3 Be7 10. O-O O-O 11. Bf4 c6 12. a3 Qa5 13. h3 Qf5 14. Bh2 Rfe8 15. Rad1 Bf8 16. Rfe1 h6 17. Ne5 Rad8 18. g4 Qh7 19. f4 g5 20. fxg5 hxg5 21. Qf3 Bg7 22. Rf1 Rf8 23. Nxd7 Rxd7 24. Be5 Ne8 25. Ne4 f6 26. Bh2 Qg6 27. Rfe1 b6 28. Ng3 f5 29. Qxc6 Rd6 30. Qg2 Rxd4 31. gxf5 exf5 32. b3 f4 33. Ne2 Re4 34. Qf3 Re3 35. Qd5+ Kh8 36. Nd4 Nf6 37. Qd6 Rxh3 38. Ne6 Rg8 39. Re5 Qh6 40. Nxg5 Bf8 41. Qe6 Rxh2 42. Kf1 Rxg5 43. Rxg5 Qxg5 0-1


[Site "https://www.chess.com"]

[Event "Titled Tuesday Blitz February 22 Early 2022"]
[White "Rodchenkov, Sergey D."]
[Black "Baches Garcia, Guillermo"]
[WhiteFideId "4168712"]
[BlackFideId "2209764"]
[WhiteElo "2306"]
[BlackElo "2396"]
[Result "0-1"]
[Round "10"]
[TimeControl "180+1"]
[Date "2022.02.22"]
[WhiteClock "0:01:39"]
[BlackClock "0:01:59"]

1. e4 c5 2. Nf3 d6 3. d4 cxd4 4. Nxd4 Nf6 5. Nc3 Nc6 6. Bg5 e6 7. Qd2 h6 8. Bh4 Nxe4 9. Nxe4 Qxh4 10. Qe3 d5 11. Nxc6 bxc6 12. Nd2 Bb4 13. c3 Bd6 14. O-O-O O-O 15. g3 Qa4 16. Kb1 Rb8 17. Ka1 Qxd1+ 0-1


[Site "https://www.chess.com"]